 Dungeon Crawl Stone Soup version 0.24.0-13-gcf9b319 (webtiles) character file.

Game seed: 2445308833474068545, levelgen mode: deterministic

192531 Bronimir the Severer (level 18, -17/138 HPs)
             Began as a Demonspawn Gladiator on Apr 12, 2020.
             Was the Champion of Makhleb.
             Killed from afar by a deep elf knight (18 damage)
             ... with a shard of ice
             ... on level 2 of the Elven Halls.
             The game lasted 01:47:33 (24426 turns).

Bronimir the Severer (Demonspawn Gladiator)        Turns: 24426, Time: 01:47:34

Health: -17/138    AC: 27    Str: 24    XL:     18   Next: 4%
Magic:  25/25      EV: 10    Int: 11    God:    Makhleb [******]
Gold:   1439       SH:  3    Dex: 15    Spells: 14/30 levels left

rFire    + . .     SeeInvis +   x - +3 executioner's axe (elec)
rCold    + . .     Gourm    .   (shield currently unavailable)
rNeg     . . .     Faith    .   s - +9 chain mail of Widdats {MR+ Regen+}
rPois    +         Spirit   .   p - +2 hat {MR+}
rElec    .         Reflect  +   r - scarf {rC+ rF+}
rCorr    .         Harm     .   (gloves unavailable)
MR       +++..     Clarity  +   j - +1 pair of boots
Stlth    ..........             V - +3 amulet of reflection
HPRegen  0.73/turn              k - +3 ring of strength
MPRegen  0.19/turn              z - ring of see invisible

@: about to teleport, heavily drained
A: claws 3, molten scales 2, clarity, demonic guardian 1, low mp 1, poison
resistance, spiny 3
a: Minor Destruction, Lesser Servant of Makhleb, Major Destruction, Greater
Servant of Makhleb, Renounce Religion


You were on level 2 of the Elven Halls.
You worshipped Makhleb.
Makhleb was exalted by your worship.
You were hungry.

You visited 6 branches of the dungeon, and saw 27 of its levels.
You also visited: Ice Cave.

You collected 2535 gold pieces.
You spent 1096 gold pieces at shops.

Inventory:

Hand Weapons
 a - a +5 executioner's axe of chopping
 b - a +3 longbow of flaming
 x - a +3 executioner's axe of electrocution (weapon)
 L - the +5 lajatang of Fuadieko {chaos, rPois rF+, unknown}
   (You found it on level 2 of the Elven Halls)

   Each time it hits an enemy it has a different, random effect.
   It protects you from fire.
   It protects you from poison.
 R - a +0 demon trident of freezing
 T - a +1 halberd of flaming
Missiles
 d - 3 throwing nets
 o - 77 poisoned darts (quivered)
 u - 969 arrows
 N - 208 bolts
Armour
 j - a +1 pair of boots (worn)
 p - a +2 hat of magic resistance (worn)
 r - a scarf of resistance (worn)
 s - the +9 chain mail of Widdats (worn) {MR+ Regen+}
   (You bought it in a shop on level 5 of the Dungeon)

   It affects your resistance to hostile enchantments.
   It increases your rate of regeneration.
 B - a scarf of cloud immunity
 C - a +3 scale mail
 M - the +3 shield "Kihal" {rElec rF- rC- MR+++, unknown}
   (You found it on level 14 of the Dungeon)

   It makes you vulnerable to fire.
   It makes you vulnerable to cold.
   It insulates you from electricity.
   It affects your resistance to hostile enchantments.
Magical Staves
 H - an uncursed staff of summoning
 S - an uncursed staff of wizardry
Jewellery
 k - a +3 ring of strength (left claw)
 z - a ring of see invisible (right claw)
 K - an uncursed ring of wizardry
 V - a +3 amulet of reflection (around neck)
Wands
 e - a wand of polymorph (8)
 g - a wand of enslavement (11)
 n - a wand of acid (17)
 v - a wand of iceblast (34)
 A - a wand of random effects (12)
 G - a wand of clouds (8)
 I - a wand of flame (42)
Scrolls
 h - 2 scrolls of magic mapping
 l - 4 scrolls of remove curse
 m - 8 scrolls of identify
 w - a scroll of brand weapon {unknown}
 y - 2 scrolls of fog
 D - 7 scrolls of teleportation
 J - a scroll of torment {unknown}
 W - a scroll of acquirement
Potions
 c - 3 potions of lignification
 i - 4 potions of brilliance
 q - 2 potions of curing
 t - a potion of might {unknown}
 E - 2 potions of haste
 F - a potion of cancellation
 O - a potion of invisibility
Miscellaneous
 U - a crystal ball of energy
Comestibles
 f - 64 rations


   Skills:
 * Level 11.5(8.7) Fighting
 + Level 16.2(13.1) Axes
 + Level 1.6(8.3) Polearms
 + Level 1.3(0.0) Staves
 * Level 4.7(2.4) Bows
 + Level 2.4(0.2) Throwing
 * Level 11.1(8.4) Armour
 + Level 5.8(3.5) Dodging
 - Level 0.4(0.0) Stealth
 + Level 1.1(0.0) Shields
 + Level 1.3(0.0) Unarmed Combat
 + Level 6.7(4.3) Spellcasting
 * Level 2.4(0.2) Hexes
 + Level 8.7(6.1) Summonings
 * Level 10.0(7.4) Necromancy
 * Level 12.4(9.6) Invocations
 + Level 5.1(2.8) Evocations


You had 14 spell levels left.
You knew the following spells:

 Your Spells              Type           Power        Failure   Level  Hunger
a - Animate Skeleton      Necr           N/A          6%          1    #......
b - Confusing Touch       Hex            #.....       75%         1    #......
c - Call Imp              Summ           ###.....     16%         2    ##.....
d - Call Canine Familiar  Summ           ###.....     32%         3    ###....
e - Summon Hydra          Summ           ###.......   100%        7    #######
f - Sublimation of Blood  Necr           ###.......   10%         2    ##.....

Your spell library contained the following spells:

 Spells                   Type           Power        Failure   Level  Hunger
 Corpse Rot               Necr           N/A          10%         2    ##.....
 Summon Butterflies       Summ           ###.....     11%         1    #......
 Summon Small Mammal      Summ           ###.         11%         1    #......
 Recall                   Summ/Tloc      N/A          75%         3    ###....
 Apportation              Tloc           #.....       80%         1    #......
 Magic Dart               Conj           #...         80%         1    #......
 Slow                     Hex            #.......     87%         2    ##.....
 Agony                    Necr           ###.....     87%         5    ######.
 Dispel Undead            Necr           ###.....     87%         5    ######.
 Blink                    Tloc           N/A          90%         2    ##.....
 Searing Ray              Conj           #.....       90%         2    ##.....
 Throw Frost              Conj/Ice       #.....       90%         2    ##.....
 Aura of Abjuration       Summ           ###.......   96%         5    ######.
 Summon Demon             Summ           ###.......   96%         5    ######.
 Dazzling Spray           Conj/Hex       #.....       98%         3    ###....
 Summon Ice Beast         Ice/Summ       #.......     98%         4    #####..
 Conjure Flame            Conj/Fire      #.......     99%         3    ###....
 Mephitic Cloud           Conj/Pois/Air  #.......     99%         3    ###....
 Cause Fear               Hex            #.........   100%        4    #####..
 Force Lance              Conj/Tloc      #.......     100%        4    #####..
 Fulminant Prism          Conj/Hex       #.........   100%        4    #####..
 Iskenderun's Mystic Bla  Conj           #.......     100%        4    #####..
 Throw Icicle             Conj/Ice       #.......     100%        4    #####..
 Bolt of Draining         Conj/Necr      ##........   100%        5    ######.
 Bolt of Magma            Conj/Fire/Erth #.........   100%        5    ######.
 Excruciating Wounds      Chrm/Necr      ##........   100%        5    ######.
 Iskenderun's Battlesphe  Conj/Chrm      #.......     100%        5    ######.
 Silence                  Hex/Air        #.........   100%        5    ######.
 Summon Forest            Summ/Tloc      #.........   100%        5    ######.
 Summon Mana Viper        Hex/Summ       #.......     100%        5    ######.
 Venom Bolt               Conj/Pois      #.........   100%        5    ######.
 Yara's Violent Unravell  Hex/Tmut       #.........   100%        5    ######.
 Deflect Missiles         Chrm/Air       #.........   100%        6    #######
 Iron Shot                Conj/Erth      #.........   100%        6    #######
 Shadow Creatures         Summ           N/A          100%        6    #######
 Haunt                    Necr/Summ      ###.......   100%        7    #######
 Orb of Destruction       Conj           #.........   100%        7    #######
 Spellforged Servitor     Conj/Summ      #.........   100%        7    #######
 Borgnjor's Revivificati  Necr           ###.......   100%        8    #######
 Death's Door             Chrm/Necr      ##........   100%        8    #######
 Discord                  Hex            #.........   100%        8    #######
 Infestation              Necr           ###.......   100%        8    #######
 Necromutation            Tmut/Necr      ##........   100%        8    #######


Dungeon Overview and Level Annotations

Branches:
Dungeon (15/15)            Temple (1/1) D:5            Lair (6/6) D:10
 Shoals (0/4) Lair:2       Spider (1/4) Lair:3        Slime (0/5) Lair:5
    Orc (2/2) D:12            Elf (2/3) Orc:2        Vaults (0/5) D:13
 Depths (0/5) D:15          IceCv (visited)

Altars:
Ashenzari
Cheibriados
Dithmenos
Elyvilon
Fedhas
Gozag
Hepliaklqana
Kikubaaqudgha
Makhleb
Nemelex Xobeh
Okawaru
Qazlal
Ru
Sif Muna
Trog
Uskayaw
Vehumet
Wu Jian
Xom
Yredelemnul
Zin
The Shining One
Beogh
Jiyva
Lugonu

Shops:
D:4 %   D:5 [[(=   D:12 [*[   Orc:2 =:}

Portals:
Trove: D:13 (give 2 scrolls of acquirement)

Annotations:
D:5 3 runed translucent doors, lake5's ghost, novice MiGl
D:8 3 runed translucent doors, Platt's ghost, novice OgFi
Elf:2 Nikola


Innate Abilities, Weirdness & Mutations

You have claws for hands.
You are mostly covered in molten scales. (AC +3)
A weak demonic guardian rushes to your aid.
You are completely covered in sharp spines.
You possess an exceptional clarity of mind.
Your magical capacity is low. (-10% MP)
Your system is resistant to poisons. (rPois)


Message History

A +0 dire flail of protection comes into view.
The deep elf mage is struck by your spines.
The deep elf mage hits you but does no damage.
The deep elf knight hits you but does no damage.
Your iron imp barely misses the +2 dire flail of protection.
As you read the scroll of teleportation, it crumbles to dust.
You feel strangely unstable.
Your iron imp disappears in a puff of smoke!
You block the +2 dire flail of protection's attack.
The +0 trident of freezing barely misses you.
A +5 bardiche of holy wrath comes into view.
Nikola is struck by your spines. Nikola hits you but does no damage.
You are electrocuted!
* * * LOW HITPOINT WARNING * * *
The +2 dire flail of protection is struck by your spines.
The +2 dire flail of protection falls from the air.
Makhleb accepts your kill.
The deep elf knight points at you and mumbles some strange words.
The shard of ice hits you!! You partially resist.
You die...

#.....###)....##...##...##..
............................
.................#..........
................###.........
...............## ##........
................###.........
................§#§.).......
...............§§§§.........
............e@e§.........
....§§e@§§.........
.....§§§§(.....##..
..........)...## #.
............e(.#
..............(.
................
...............


You could see Nikola, 3 deep elf knights, a deep elf mage and 3 dancing weapons.

Vanquished Creatures
  Rupert (Spider:1)
  A deep elf sorcerer (Elf:1)
  A reaper (IceCv)
  Nessos (D:13)
  A deep elf death mage (Elf:1)
  3 fire dragons
  A rakshasa (D:15)
  2 hydras (Lair:6)
  10 two-headed ogres
  A death knight (D:13)
  An ogre mage (D:15)
  2 centaur warriors
  An orc high priest (Elf:1)
  11 dancing weapons
  10 death yaks
  A tengu warrior (D:14)
  Sonja (Orc:2)
  Nergalle (Lair:1)
  A small abomination (Elf:2)
  12 deep elf knights
  A glowing orange brain (D:15)
  A deep troll (shapeshifter) (D:13)
  A sea snake (shapeshifter) (D:15)
  A swamp dragon (Lair:6)
  11 deep elf archers
  3 unseen horrors
  A lindwurm (Lair:6)
  An orb spider (Spider:1)
  11 ugly things
  10 orc knights
  2 wolf spiders
  3 oklob plants (Lair:5)
  A faun (Lair:2)
  3 cyclopes
  A manticore (D:13)
  41 deep elf magi
  A moth of wrath (Spider:1)
  An orc sorcerer (Orc:1)
  11 elephants
  2 ice statues (IceCv)
  3 torpor snails (Lair:6)
  4 centaur zombies
  3 black mambas
  5 spiny frogs
  4 gargoyles
  A centaur skeleton (D:13)
  A demonic crawler (Spider:1)
  8 komodo dragons
  4 rime drakes
  A komodo dragon (shapeshifter) (D:15)
  5 ice devils (IceCv)
  A tengu conjurer (D:13)
  5 trolls
  A queen bee (shapeshifter) (D:15)
  A jumping spider (shapeshifter) (D:15)
  3 polar bears (D:14)
  5 jumping spiders
  4 slime creatures (D:15)
  2 tyrant leeches (Lair:6)
  18 blink frogs
  6 hornets
  14 hippogriffs
  A blink frog (shapeshifter) (D:15)
  7 redbacks (Spider:1)
  A vampire (D:12)
  3 water elementals
  33 yaks
  16 humans (D:13)
  2 wyverns
  A basilisk (shapeshifter) (D:15)
  A basilisk (Lair:3)
  A hungry ghost (D:11)
  Menkaure (D:6)
  8 water moccasins
  A soldier ant (shapeshifter) (Elf:1)
  11 wargs
  3 acid dragons
  6 porcupines
  39 orc warriors
  A black bear (D:9)
  3 sky beasts
  4 swamp drakes
  2 phantoms
  An eye of draining (D:12)
  2 necrophages
  40 wolves
  8 ice beasts (D:14)
  8 ogres
  A hornet zombie (D:8)
  16 crocodiles
  16 centaurs
  3 big kobolds
  A gnoll sergeant (D:11)
  19 bullfrogs
  3 scorpions
  A water moccasin skeleton (D:6)
  9 electric eels
  5 wights (D:11)
  5 crimson imps
  A quasit (D:9)
  A bullfrog zombie (D:10)
  10 orc priests
  26 orc wizards
  A wyvern simulacrum (D:14)
  5 hounds
  4 jellies
  3 bullfrog skeletons
  8 iguanas
  13 worker ants
  4 worker ant zombies
  7 gnolls
  9 adders
  2 shadow imps
  8 white imps
  11 ufetubi (IceCv)
  3 oozes
  3 adder skeletons
  An adder zombie (D:8)
  A worm (D:2)
  5 dart slugs
  2 leopard geckos
  94 orcs
  2 ball pythons
  7 giant cockroaches
  7 goblins
  11 hobgoblins
  7 jackals
  8 kobolds
  2 quokkas
  6 bats
  7 frilled lizards
  A jackal skeleton (D:6)
  2 quokka zombies
  7 rats
  3 fungi
  11 plants
855 creatures vanquished.

Vanquished Creatures (collateral kills)
  A deep elf death mage (Elf:2)
  A hydra (Lair:3)
  2 death yaks (D:10)
  A deep elf archer (Elf:1)
  5 deep elf magi
  An oklob plant (Lair:5)
  2 elephants (Lair:6)
  2 torpor snails (Lair:6)
  A spiny frog (Lair:5)
  A komodo dragon (Lair:4)
  4 rime drakes (Lair:5)
  2 blink frogs (Lair:6)
  2 tyrant leeches (Lair:6)
  2 hornets (Lair:6)
  A slime creature (D:15)
  A hippogriff (D:10)
  A yak (Lair:4)
  A hungry ghost (D:9)
  3 water moccasins
  2 porcupines
  2 orc warriors (Orc:2)
  8 wolves
  2 ogres
  A crocodile (Lair:2)
  A bullfrog (D:8)
  A howler monkey (D:6)
  An electric eel (D:6)
  3 orc wizards
  2 orcs (Orc:2)
  A jackal (D:11)
  A kobold (D:10)
  2 plants
61 creatures vanquished.

Vanquished Creatures (others)
  A deep elf knight (Elf:1)
  2 deep elf magi
  A centaur (D:12)
  3 white imps (IceCv)
  3 ufetubi (IceCv)
  19 fungi
  15 plants
44 creatures vanquished.

Grand Total: 960 creatures vanquished

Notes
Turn   | Place    | Note
-------+----------+-------------------------------------------
     0 | D:1      | Bronimir the Demonspawn Gladiator began the quest for the
                  | Orb.
     0 | D:1      | Reached XP level 1. HP: 16/16 MP: 1/1
   195 | D:1      | Reached skill level 3 in Axes
   195 | D:1      | Gained mutation: You are partially covered in sharp spines.
                  | [demonic ancestry]
   195 | D:1      | Reached XP level 2. HP: 13/22 MP: 2/2
   351 | D:1      | You fall into a shaft and drop 1 floor!
   397 | D:2      | Noticed a +0 hand axe
   397 | D:2      | Noticed a +0 dagger
   400 | D:2      | Found a hide-covered altar of Uskayaw.
   454 | D:2      | Gained mutation: You are mostly covered in sharp spines.
                  | [demonic ancestry]
   454 | D:2      | Reached XP level 3. HP: 24/27 MP: 3/3
   514 | D:2      | Reached skill level 1 in Armour
   782 | D:2      | Reached XP level 4. HP: 33/33 MP: 4/4
   991 | D:2      | Reached skill level 4 in Axes
  1466 | D:3      | Found a glowing golden altar of the Shining One.
  1746 | D:3      | Gained mutation: A weak demonic guardian rushes to your
                  | aid. [demonic ancestry]
  1746 | D:3      | Reached XP level 5. HP: 38/38 MP: 5/5
  2672 | D:4      | Found Sastig's Food Emporium.
  2760 | D:4      | Noticed an ogre
  2765 | D:4      | Killed an ogre
  2765 | D:4      | Reached skill level 5 in Axes
  2765 | D:4      | Gained mutation: You are partially covered in molten
                  | scales. (AC +2) [demonic ancestry]
  2765 | D:4      | Reached XP level 6. HP: 28/46 MP: 6/6
  2782 | D:4      | Learned a level 1 spell: Animate Skeleton
  2784 | D:4      | Learned a level 1 spell: Confusing Touch
  2792 | D:4      | Found a stormy altar of Qazlal.
  3321 | D:5      | Entered Level 5 of the Dungeon
  3365 | D:5      | Found Haheippa's Jewellery Emporium.
  3420 | D:5      | Found a staircase to the Ecumenical Temple.
  3472 | Temple   | Entered the Ecumenical Temple
  3503 | Temple   | Became a worshipper of Makhleb the Destroyer
  3572 | D:5      | Found Fuhudacu's Antique Armour Emporium.
  3575 | D:5      | Bought a jewelled chain mail for 256 gold pieces
  3585 | D:5      | Identified the +9 chain mail of Widdats {MR+ Regen+} (You
                  | bought it in a shop on level 5 of the Dungeon)
  3598 | D:5      | Found Eguopt's Armour Emporium.
  3703 | D:5      | Reached XP level 7. HP: 49/52 MP: 8/8
  3851 | D:5      | Reached skill level 1 in Necromancy
  3990 | D:5      | Found Muitum's Antique Weapon Boutique.
  4050 | D:5      | Found a runed translucent gate.
  4050 | D:5      | Found a runed translucent gate.
  4051 | D:5      | Found a runed translucent gate.
  4053 | D:5      | Noticed lake5's ghost (novice MiGl)
  4276 | D:6      | Found a white marble altar of Elyvilon.
  4285 | D:6      | Reached skill level 6 in Axes
  4285 | D:6      | Reached skill level 1 in Spellcasting
  4339 | D:6      | Reached skill level 1 in Invocations
  4366 | D:6      | Gained mutation: You have sharp fingernails. [demonic
                  | ancestry]
  4366 | D:6      | Reached XP level 8. HP: 41/58 MP: 10/10
  4503 | D:6      | Reached * piety under Makhleb
  4743 | D:6      | Noticed Menkaure
  4750 | D:6      | Killed Menkaure
  4798 | D:6      | Found a hazy altar of Hepliaklqana.
  4838 | D:6      | Found a shadowy altar of Dithmenos.
  4920 | D:6      | Reached skill level 7 in Axes
  5010 | D:6      | Found a blossoming altar of Fedhas.
  5015 | D:6      | Found a sacrificial altar of Ru.
  5020 | D:6      | Found an ornate altar of the Wu Jian Council.
  5312 | D:7      | Identified a scroll of acquirement
  5451 | D:7      | Found a shimmering altar of Xom.
  5730 | D:8      | Found a radiant altar of Vehumet.
  5946 | D:8      | Reached XP level 9. HP: 57/65 MP: 13/13
  5974 | D:8      | Found a snail-covered altar of Cheibriados.
  5974 | D:8      | Found an opulent altar of Gozag.
  5975 | D:8      | Found an ancient bone altar of Kikubaaqudgha.
  5981 | D:8      | Reached skill level 8 in Axes
  6344 | D:8      | Noticed a two-headed ogre
  6351 | D:8      | Killed a two-headed ogre
  6352 | D:8      | Found a runed translucent gate.
  6400 | D:8      | Found a runed translucent gate.
  6404 | D:8      | Found a runed translucent gate.
  6404 | D:8      | Noticed Platt's ghost (novice OgFi)
  6406 | D:8      | Found a viscous altar of Jiyva.
  6510 | D:9      | Reached ** piety under Makhleb
  6512 | D:9      | Reached skill level 9 in Axes
  6671 | D:9      | Reached skill level 5 in Armour
  6671 | D:9      | Reached skill level 5 in Invocations
  6718 | D:9      | Gained mutation: You are mostly covered in molten scales.
                  | (AC +3) [demonic ancestry]
  6718 | D:9      | Reached XP level 10. HP: 73/73 MP: 15/15
  6735 | D:9      | Found a shattered altar of Ashenzari.
  7155 | D:9      | Reached skill level 10 in Axes
  7554 | D:10     | Entered Level 10 of the Dungeon
  7625 | D:10     | Noticed a death yak
  7628 | D:10     | Noticed a death yak
  7630 | D:10     | Noticed a death yak
  7631 | D:10     | Noticed a death yak
  7632 | D:10     | Killed a death yak
  7632 | D:10     | Noticed a death yak
  7633 | D:10     | Noticed a two-headed ogre
  7634 | D:10     | Noticed a death yak
  7671 | D:10     | Killed a death yak
  7679 | D:10     | Killed a death yak
  7679 | D:10     | Reached skill level 11 in Axes
  7718 | D:11     | Noticed a gargoyle
  7720 | D:11     | Reached skill level 5 in Fighting
  7723 | D:11     | Noticed a two-headed ogre
  7732 | D:10     | Killed a gargoyle
  7742 | D:11     | Killed a two-headed ogre
  7742 | D:11     | Reached XP level 11. HP: 45/79 MP: 18/18
  7985 | D:10     | Found a staircase to the Lair.
  7992 | D:10     | Reached *** piety under Makhleb
  8044 | Lair:1   | Entered Level 1 of the Lair of Beasts
  8044 | Lair:1   | Noticed Nergalle
  8050 | Lair:1   | Killed Nergalle
  8101 | Lair:1   | Learned a level 2 spell: Call Imp
  8142 | Lair:1   | Reached skill level 5 in Spellcasting
  8856 | Lair:2   | Found a staircase to the Shoals.
  8884 | Lair:2   | You fall into a shaft and drop 1 floor!
  8890 | Lair:3   | Reached skill level 1 in Summonings
  8939 | Lair:3   | Found a gate leading to a gauntlet.
  8958 | Lair:3   | Reached skill level 1 in Bows
  9028 | Lair:3   | Reached skill level 12 in Axes
  9083 | Lair:3   | Noticed a six-headed hydra
  9090 | Lair:3   | Killed a three-headed hydra
  9454 | Lair:3   | Found a hole to the Spider Nest.
  9562 | Lair:2   | Reached skill level 1 in Evocations
  9600 | Lair:2   | Reached XP level 12. HP: 68/87 MP: 20/20
  9600 | Lair:2   | Reached **** piety under Makhleb
  9824 | Lair:2   | You fall into a shaft and drop 1 floor!
 10303 | Lair:4   | Reached ***** piety under Makhleb
 10896 | Lair:4   | Learned a level 3 spell: Call Canine Familiar
 10904 | Lair:4   | Learned a level 7 spell: Summon Hydra
 11296 | Lair:5   | Reached skill level 5 in Necromancy
 11318 | Lair:5   | Found a staircase to the Slime Pits.
 11793 | Lair:6   | Entered Level 6 of the Lair of Beasts
 11805 | Lair:5   | Reached XP level 13. HP: 65/95 MP: 22/22
 11875 | Lair:6   | Reached skill level 13 in Axes
 11876 | Lair:6   | Reached skill level 5 in Dodging
 11914 | Lair:6   | Reached skill level 5 in Summonings
 12055 | Lair:6   | Gained mutation: You are weak. (Str -2) [mutagenic glow]
 12773 | Lair:6   | Noticed a fire dragon
 13037 | Lair:6   | Reached skill level 10 in Invocations
 13097 | Lair:6   | Killed a fire dragon
 13301 | Lair:6   | Found a runed translucent door.
 13301 | Lair:6   | Noticed a fire dragon
 13318 | Lair:6   | Killed a fire dragon
 13405 | Lair:6   | Gained mutation: You have very sharp fingernails. [demonic
                  | ancestry]
 13405 | Lair:6   | Reached XP level 14. HP: 77/106 MP: 23/23
 13424 | Lair:6   | Reached skill level 1 in Polearms
 13424 | Lair:6   | Reached skill level 1 in Unarmed Combat
 13424 | Lair:6   | Reached skill level 1 in Hexes
 13424 | Lair:6   | Reached XP level 15. HP: 34/112 MP: 24/24
 13429 | Lair:6   | Paralysed by a hornet for 2 turns
 13895 | D:10     | Reached skill level 14 in Axes
 13896 | D:10     | Lost mutation: You are weak. (Str -2) [potion of mutation]
 13896 | D:10     | Gained mutation: Your magical capacity is low. (-10% MP)
                  | [potion of mutation]
 13896 | D:10     | Gained mutation: Your system is resistant to poisons.
                  | (rPois) [potion of mutation]
 13896 | D:10     | Gained mutation: You possess an exceptional clarity of
                  | mind. [potion of mutation]
 13964 | Lair:1   | Reached skill level 1 in Staves
 13964 | Lair:1   | Gained mutation: You are completely covered in sharp
                  | spines. [demonic ancestry]
 13964 | Lair:1   | Reached XP level 16. HP: 120/120 MP: 23/23
 14777 | D:12     | Found Jumesahy's Armour Boutique.
 15013 | D:12     | Reached ****** piety under Makhleb
 15176 | D:12     | Found a staircase to the Orcish Mines.
 15354 | D:12     | Found Cuwu Suri's Antique Armour Emporium.
 15591 | Orc:1    | Entered Level 1 of the Orcish Mines
 15859 | Orc:2    | Entered Level 2 of the Orcish Mines
 15866 | Orc:2    | Found a staircase to the Elven Halls.
 16014 | Orc:2    | Found a roughly hewn altar of Beogh.
 16024 | Orc:2    | Found Iniot's Book Shoppe.
 16046 | Orc:2    | Bought a book of Death for 840 gold pieces
 16049 | Orc:2    | Learned a level 2 spell: Sublimation of Blood
 16111 | Orc:2    | Found Rukegoq's Gadget Boutique.
 16166 | Orc:2    | Noticed Sonja
 16370 | Orc:2    | Killed Sonja
 16527 | Orc:2    | Found Kyacadedd's Weapon Boutique.
 16658 | Orc:2    | Found Laeweusm's Jewellery Shoppe.
 16781 | Elf:1    | Entered Level 1 of the Elven Halls
 16935 | Elf:1    | Reached skill level 10 in Armour
 17149 | Elf:1    | Reached skill level 15 in Axes
 17250 | Elf:1    | Reached skill level 10 in Fighting
 17859 | Elf:1    | Identified the Compendium of Conjuration
 18811 | D:12     | Found Noupug's General Store.
 18832 | D:13     | Found a gate to the Vaults.
 18832 | D:13     | Noticed Nessos
 18840 | D:13     | Gained mutation: You have claws for hands. [demonic
                  | ancestry]
 18840 | D:13     | Reached XP level 17. HP: 123/129 MP: 24/24
 18849 | D:13     | Killed Nessos
 19011 | D:13     | Found a portal to a secret trove of treasure.
 19682 | D:14     | Got a smoking shield
 20202 | D:14     | Found a frozen archway.
 20220 | IceCv    | Entered an ice cave
 21497 | D:15     | Entered Level 15 of the Dungeon
 21678 | D:15     | Reached skill level 5 in Evocations
 21824 | D:15     | Found a shadowy altar of Dithmenos.
 22571 | D:15     | Found a staircase to the Depths.
 22776 | Spider:1 | Entered Level 1 of the Spider Nest
 22796 | Spider:1 | Noticed Rupert
 22814 | Spider:1 | HP: 5/131 [Rupert/+5 executioner's axe of chopping (2)]
 22815 | Spider:1 | Killed Rupert
 23191 | Spider:1 | Reached skill level 1 in Shields
 23575 | Elf:2    | Reached skill level 16 in Axes
 23739 | Elf:2    | Got a fine lajatang
 23963 | Elf:2    | Reached skill level 10 in Necromancy
 24062 | Elf:2    | Found a runed translucent gate.
 24062 | Elf:2    | Found a runed translucent gate.
 24063 | Elf:2    | Found a runed translucent gate.
 24179 | Elf:2    | Reached XP level 18. HP: 117/138 MP: 25/25
 24413 | Elf:2    | Noticed Nikola
 24426 | Elf:2    | HP: 1/138 [Nikola/+4 rapier of electrocution (11)]
 24426 | Elf:2    | Killed from afar by a deep elf knight

Levels and vault maps discovered:
D:1:      lightli_arrival_chessboard, layout_loops_ring
D:2:      kennysheep_six_static_rooms, layout_basic, dancing_weapons_uskayaw
D:3:      layout_loops_ring, nicolae_tso_carved_into_rock
D:4:      layout_loops_ring, nicolae_qazlal_general_emergency, serial_shops,
          shop_fountains
D:5:      layout_basic, temple_green, first_ration, gammafunk_ghost_necromancy,
          serial_shops, nicolae_shop_waterfront, nicolae_shop_behind_doors,
          nicolae_shop_overgrown_old_shop, shop
D:6:      kennysheep_big_flooded_room, layout_loops_ring, minitemple,
          kennysheep_mini_moat, nicolae_overflow_crystal_walls, basic_altar,
          uniq_menkaure
D:7:      layout_rooms, lemuel_doored_altar
D:8:      layout_loops_corners, vehumet_crystals,
          gammafunk_temple_overflow_forgotten, gammafunk_ghost_ooze,
          minivault_19
D:9:      layout_stronghold, evilmike_ruin_ashenzari, blue_anna_alchemist
          [blue_anna_fruit_fields, blue_anna_fruit_fields]
D:10:     layout_basic, dpeg_lair_monsters
D:11:     layout_big_octagon, lightli_orcish_oven
D:12:     layout_stronghold, erik_orc_1, serial_column_ruins, column_ruins_hut,
          column_ruins_hut_ruined, column_ruins_grid_1,
          column_ruins_corridor_dead_end, column_ruins_grid_3,
          column_ruins_columns_corner, column_ruins_open_medium,
          column_ruins_grid_1, serial_shops, shop, shop,
          kennysheep_windowed_goal
D:13:     layout_basic, david_vaults_3, nicolae_trove_entry_crossroad,
          uniq_nessos
D:14:     layout_stronghold, serial_ice, serial_ice_h, serial_ice_m,
          serial_ice_l, serial_ice_n, serial_ice_e, serial_ice_o,
          portal_ice_cave_entry_ice_beasts, minivault_14
D:15:     gammafunk_enter_depths_forms, layout_stronghold, grunt_dithmenos_smoke
Temple:   corrupted_temple
Lair:1:   layout_cave_pods, chequers_serial_rivers_micro_a, uniq_nergalle
Lair:2:   layout_hall_layers, minmay_shoals_entry_centaurs,
          grunt_forest_large_clearings
Lair:3:   layout_loops_ring, spider_nest_entry_funnel_web,
          gauntlet_entry_generic, infiniplex_staircase_pool, lemuel_fruit_tree
Lair:4:   layout_cave_pods, grunt_megastairs_1
Lair:5:   layout_misc_corridors, dpeg_slime_entry_corner, st_stairs_4,
          minmay_lair_drake_nest, grunt_megastairs_5, minmay_lair_oklob_chamber
Lair:6:   wormcave, layout_hall_layers, guppyfry_lair_end_dragon,
          serial_bayou_lagoon_a, nicolae_lair_grove_arrangements
Spider:1: layout_spider_delve, nicolae_spider_ant_collections, uniq_rupert
Orc:1:    layout_caves, basic_altar, guppyfry_orc_lava_fort
Orc:2:    st_orc_town, layout_caves, nicolae_orc_pool_cavern, uniq_sonja
Elf:1:    layout_geoelf_octagon, minmay_elf_sorcery, st_stairs_5
Elf:2:    layout_geoelf_grid, uniq_nikola

Skill      XL: |  1  2  3  4  5  6  7  8  9 10 11 12 13 14 15 16 17 |
---------------+----------------------------------------------------+-----
Axes           | 3 4 5 6 7 9 11 12 13 14 15 16 | 16.2
Armour         | 1 2 3 4 5 6 8 9 10 11 | 11.1
Dodging        | 3 4 5 |  5.8
Fighting       | 3 4 5 6 8 9 10 11 | 11.5
Necromancy     | 1 2 4 5 6 7 8 10 | 10.0
Spellcasting   | 1 2 3 4 5 6 |  6.7
Invocations    | 2 4 5 6 7 8 10 11 12 | 12.4
Summonings     | 3 4 6 7 8 |  8.7
Bows           | 1 2 4 |  4.7
Evocations     | 1 2 4 5 |  5.1
Polearms       | 1 |  1.6
Throwing       | 2 |  2.4
Unarmed Combat | 1 |  1.3
Hexes          | 1 2 |  2.4
Staves         | 1 |  1.3
Shields        | 1 |  1.1
Stealth        | |  0.4

Action                   |  1- 3 |  4- 6 |  7- 9 | 10-12 | 13-15 | 16-18 || total
-------------------------+-------+-------+-------+-------+-------+-------++-------
Melee: War axe           |    65 |   135 |    99 |       |       |       ||   299
       Executioner's axe |       |       |    87 |   293 |   210 |   912 ||  1502
       Halberd           |       |       |       |     3 |     4 |       ||     7
       Staff             |       |       |       |       |       |     1 ||     1
 Fire: Shortbow          |       |       |       |    18 |       |       ||    18
       Longbow           |       |       |       |       |       |    54 ||    54
 Cast: Animate Skeleton  |       |     4 |       |       |       |       ||     4
       Confusing Touch   |       |       |       |       |     2 |       ||     2
       Call Canine Famil |       |       |       |       |       |     3 ||     3
Invok: Lesser Servant of |       |       |       |     5 |    11 |    11 ||    27
       Greater Servant o |       |       |       |       |       |     1 ||     1
       Minor Destruction |       |       |       |       |       |     2 ||     2
Evoke: Wand              |       |       |       |     2 |       |     2 ||     4
  Use: Scroll            |       |     9 |     6 |     6 |     5 |     7 ||    33
       Potion            |       |       |     1 |     1 |    10 |     4 ||    16
 Stab: Sleeping          |     1 |     1 |       |       |       |       ||     2
       Distracted        |       |     1 |     1 |     6 |     2 |     6 ||    16
       Confused          |       |       |       |       |     1 |       ||     1
  Eat: Chunk             |       |     6 |    10 |    17 |     8 |    31 ||    72
       Ration            |       |     1 |       |       |       |     1 ||     2
Armor: Leather armour    |    18 |    25 |       |       |       |       ||    43
       Chain mail        |       |    16 |   151 |   354 |   288 |   726 ||  1535
Dodge: Dodged            |    43 |    78 |    85 |   222 |   163 |   509 ||  1100
Block: Other             |       |       |       |     2 |    49 |   127 ||   178
       Reflection        |       |       |       |       |       |    11 ||    11
